 Dungeon Crawl Stone Soup version 0.21.1-1-g345015f (webtiles) character file.

235 Fang the Chopper (level 6, -1/39 HPs)
             Began as a Gargoyle Berserker on May 21, 2018.
             Was a Priest of Trog.
             Slain by a worm (9 damage)
             ... on level 3 of the Dungeon.
             The game lasted 00:02:16 (3481 turns).

Fang the Chopper (Gargoyle Berserker)               Turns: 3481, Time: 00:02:17

Health: -1/39      AC:  6    Str: 22    XL:     6   Next: 5%
Magic:  6/6        EV: 12    Int:  8    God:    Trog [***...]
Gold:   129        SH:  0    Dex:  9    Spells: 5/5 levels left

rFire    . . .     SeeInvis .   a - +0 hand axe
rCold    . . .     Gourm    .   (no shield)
rNeg     + . .     Faith    .   b - +0 animal skin
rPois    ∞         Spirit   .   (no helmet)
rElec    +         Reflect  .   (no cloak)
rCorr    .         Harm     .   (no gloves)
MR       .....                  (no boots)
Stlth    +.........             (no amulet)
HPRegen  0.13/turn              e - ring of flight
MPRegen  0.10/turn              (no ring)

@: berserk cooldown, starving, very slow
A: negative energy resistance 1, electricity resistance, unbreathing,
petrification resistance, rot immunity, AC +4
a: Berserk, Trog's Hand, Burn Spellbooks, Renounce Religion, Evoke Flight


You were on level 3 of the Dungeon.
You worshipped Trog.
Trog was most pleased with you.
You were starving.

You visited 1 branch of the dungeon, and saw 3 of its levels.

You collected 129 gold pieces.

Inventory:

Hand Weapons
 a - a +0 hand axe (weapon)
Armour
 b - a +0 animal skin (worn)
Jewellery
 e - a ring of flight (left hand)
Scrolls
 d - a scroll of remove curse {unknown}
 f - 3 scrolls of teleportation {unknown}
 i - 2 scrolls of fear {unknown}
 k - 3 scrolls of identify {unknown}
 l - 3 scrolls of magic mapping {unknown}
 m - a scroll of enchant armour {unknown}
 n - 2 scrolls of random uselessness {unknown}
Potions
 g - a potion of brilliance {unknown}
 h - a potion of haste {unknown}
 j - a potion of curing
 o - a potion of invisibility {unknown}
Comestibles
 c - 8 rations


   Skills:
 + Level 4.5 Fighting
 + Level 4.6 Axes
 + Level 2.3 Armour
 + Level 2.4 Dodging
 + Level 1.1 Stealth


You had 5 spell levels left.
You didn't know any spells.

Dungeon Overview and Level Annotations

Branches:
Dungeon (3/15)

Altars:
Ashenzari
Fedhas
Nemelex Xobeh

Portals:
Sewer: D:3


Innate Abilities, Weirdness & Mutations

You are resistant to torment.
Your stone body is resilient. (AC +4)
You are immune to poison.
You resist negative energy. (rN+)
You are resistant to electric shocks. (rElec)
You can survive without breathing.
You are immune to petrification.
You are immune to rotting.


Message History

You barely miss the worm.
You enter the shallow water.
Moving in this stuff is going to be slow.
The worm bites you. The worm bites you!
* * * LOW HITPOINT WARNING * * *
You feel yourself speed up. The worm barely misses you.
You hit the worm.
The worm is moderately wounded.
You hit the worm but do no damage.
The worm is moderately wounded.
You are no longer glowing.
The worm bites you.
* * * LOW HITPOINT WARNING * * *
You hit the worm but do no damage.
The worm is lightly wounded.
You hit the worm.
The worm is moderately wounded.
The worm bites you!
You die...

#### #### ###
###≈≈#####.≈.#
#...≈≈≈≈≈≈≈≈.#
#....≈w@≈≈≈≈.#
##...####∩≈≈##
#......##≈≈#
##.###...# ≈# ####
#..# #...# # ...# #.##
....#
...#######.###.##...
.........>...........
....#####.######.....#


You could see a worm.

Vanquished Creatures
  The ghost of Timbabwe the Sneak, an amateur SpEn (D:3)
  Robin (D:2)
  3 adders
  4 gnolls (D:2)
  2 oozes (D:2)
  3 worms
  3 dart slugs
  2 leopard geckos (D:2)
  An orc (D:3)
  3 bats
  2 giant cockroaches
  19 goblins
  8 hobgoblins
  9 kobolds
  A quokka (D:3)
  2 ball pythons (D:1)
  2 frilled lizards
  4 rats
70 creatures vanquished.

Notes
Turn   | Place    | Note
-------+----------+-------------------------------------------
     0 | D:1      | Fang the Gargoyle Berserker began the quest for the Orb.
     0 | D:1      | Reached XP level 1. HP: 14/14 MP: 1/1
    83 | D:1      | Reached XP level 2. HP: 6/19 MP: 2/2
  1361 | D:2      | Reached XP level 3. HP: 24/24 MP: 3/3
  1369 | D:2      | Noticed Robin
  1376 | D:2      | Reached ** piety under Trog
  1382 | D:2      | Killed Robin
  1505 | D:2      | Reached XP level 4. HP: 12/29 MP: 4/4
  2488 | D:2      | Reached XP level 5. HP: 33/33 MP: 5/5
  2710 | D:2      | Found a blossoming altar of Fedhas.
  2921 | D:3      | Found a shattered altar of Ashenzari.
  3206 | D:3      | Found a sparkling altar of Nemelex Xobeh.
  3444 | D:3      | Found a glowing drain.
  3446 | D:3      | Noticed Timbabwe's ghost (amateur SpEn)
  3457 | D:3      | Killed Timbabwe's ghost
  3457 | D:3      | Reached *** piety under Trog
  3457 | D:3      | Reached skill level 1 in Stealth
  3457 | D:3      | Reached XP level 6. HP: 39/39 MP: 6/6
  3481 | D:3      | Slain by a worm

Skill      XL: |  1  2  3  4  5 |
---------------+----------------+-----
Axes           | 3 4 |  4.6
Fighting       | 4 |  4.5
Dodging        | 2 |  2.4
Stealth        | 1 |  1.1
Armour         | |  2.3

Action                   |  1- 3 |  4- 6 || total
-------------------------+-------+-------++-------
Melee: Hand axe          |   103 |   139 ||   242
Invok: Berserk           |     1 |     2 ||     3
 Stab: Sleeping          |     1 |     1 ||     2
  Eat: Chunk             |     3 |     6 ||     9
Armor: Animal skin       |    30 |    36 ||    66
Dodge: Dodged            |    58 |    87 ||   145
